 Dungeon Crawl Stone Soup version 0.27-a0-1456-gf5a116941d (webtiles) character file.

Game seed: 13456272816256420727

877 epicjoe the Shield-Bearer (level 7, -17/64 HPs)
             Began as a Minotaur Fighter on July 6, 2021.
             Was an Initiate of Ashenzari.
             Killed from afar by Maggie (32 damage)
             ... with a bolt of fire
             ... on level 7 of the Dungeon.
             The game lasted 00:31:14 (4534 turns).

epicjoe the Shield-Bearer (Minotaur Fighter)        Turns: 4534, Time: 00:31:14

Health: -17/64     AC: 12    Str: 23    XL:     7   Next: 75%
Magic:  6/6        EV:  5    Int: 11    God:    Ashenzari [......]
Gold:   261        SH: 15    Dex:  9    Spells: 6/6 levels left

rFire    . . .     SeeInvis .   a - +0 war axe
rCold    . . .     Faith    .   q - +0 tower shield
rNeg     . . .     Spirit   .   u - +0 chain mail
rPois    .         Reflect  .   (helmet restricted)
rElec    .         Harm     .   h - +0 cloak "Eternal Together" {Evo, Self} (curse)
rCorr    .         Rampage  .   o - +0 pair of gloves
Will     .....                  (no boots)
Stlth    ..........             w - amulet of regeneration
HPRegen  1.20/turn              c - +6 ring of intelligence
MPRegen  0.10/turn              (no ring)

@: mesmerised
A: horns 2, retaliatory headbutt
a: Renounce Religion, Shatter the Chains


You were on level 7 of the Dungeon.
You worshipped Ashenzari.
Ashenzari was noncommittal.
You visited 1 branch of the dungeon, and saw 7 of its levels.

You collected 261 gold pieces.

Inventory:

Hand Weapons
 a - a +0 war axe (weapon)
 j - a +3 quarterstaff of chaos
Missiles
 p - 8 poisoned darts
 r - 7 boomerangs
 t - 2 datura-tipped darts
Armour
 b - a +0 scale mail
 h - the cursed +0 cloak "Eternal Together" (worn) {Evo, Self}
   (You found it on level 3 of the Dungeon)

   It has a curse which improves the following skills: Evocations: Evocations.
   Introspection: Fighting and Spellcasting.
 o - a +0 pair of gloves (worn)
 q - a +0 tower shield (worn)
 u - a +0 chain mail (worn)
Jewellery
 c - a +6 ring of intelligence (left hand)
 w - an amulet of regeneration (around neck)
Wands
 i - a wand of flame (15) (quivered)
Scrolls
 e - a scroll of torment
 g - 7 scrolls of identify
 k - a scroll of magic mapping
 m - a scroll of fog
 s - 2 scrolls of noise
 v - 2 scrolls of amnesia
 x - a scroll of silence
Potions
 d - 2 potions of might
 f - 2 potions of magic
 l - 2 potions of flight
 n - a potion of attraction
 z - a potion of cancellation
 A - 2 potions of heal wounds
 B - 2 potions of haste


   Skills:
 + Level 5.8(6.3) Fighting
 + Level 6.0 Axes
 + Level 5.7 Armour
 + Level 2.5 Dodging
 + Level 0.3 Stealth
 + Level 6.4 Shields


You had 6 spell levels left.
You didn't know any spells.
Your spell library contained the following spells:

 Spells                   Type           Power      Damage    Failure   Level
 Animate Skeleton         Necr           0%         N/A       100%        1
 Apportation              Tloc           0%         N/A       100%        1
 Corona                   Hex            0%         N/A       100%        1
 Pain                     Necr           0%         1d4       100%        1
 Summon Small Mammal      Summ           0%         N/A       100%        1
 Blink                    Tloc           N/A        N/A       100%        2
 Sublimation of Blood     Necr           0%         N/A       100%        2
 Wereblood                Tmut           0%         N/A       100%        2
 Lesser Beckoning         Tloc           0%         N/A       100%        3
 Agony                    Necr           0%         N/A       100%        5
 Excruciating Wounds      Necr           0%         N/A       100%        5
 Manifold Assault         Tloc           0%         N/A       100%        5
 Summon Forest            Summ/Tloc      0%         N/A       100%        5
 Malign Gateway           Summ/Tloc      0%         N/A       100%        7
 Summon Hydra             Summ           0%         N/A       100%        7


Dungeon Overview and Level Annotations

Branches:
Dungeon (7/15)
 Temple: D:4-7

Altars:
Ashenzari

Annotations:
D:7 Maggie


Innate Abilities, Weirdness & Mutations

You have a pair of horns on your head.
You reflexively headbutt those who attack you in melee.


Message History

You slash Maggie! You headbutt Maggie, but do no damage.
Maggie is moderately wounded.
Maggie gestures wildly while chanting.
Maggie draws you further into her thrall.
You barely miss Maggie. Your headbutt misses Maggie.
Maggie is moderately wounded.
Maggie casts a spell.
Maggie draws you further into her thrall.
Maggie hits you with a +0 long sword.
You completely miss Maggie. You headbutt Maggie, but do no damage.
Maggie is moderately wounded.
Maggie hits you with a +0 long sword!
You hit Maggie.
Maggie is moderately wounded.
Maggie gestures at you while chanting. The bolt of fire hits you!
Maggie hits you but does no damage.
You hit Maggie but do no damage. Your headbutt misses Maggie.
Maggie is moderately wounded.
You block Maggie's attack. Maggie hits you but does no damage.
You closely miss Maggie.
Maggie is moderately wounded.
Maggie hits you with a +0 long sword.
You hit Maggie. Your headbutt misses Maggie.
Maggie is moderately wounded.
You block Maggie's attack. Maggie hits you with a +0 long sword!
You closely miss Maggie. Your headbutt misses Maggie.
Maggie is moderately wounded.
Maggie hits you with a +0 long sword.
You slash Maggie!
Maggie is heavily wounded.
Maggie gestures at you while chanting. The bolt of fire hits you!!
* * * LOW HITPOINT WARNING * * *
You block Maggie's attack.
You barely miss Maggie. You headbutt Maggie, but do no damage.
Maggie is heavily wounded.
Maggie points at you and mumbles some strange words.
The bolt of fire hits you!!
Ouch! That really hurt!
You die...

.. #....
..
##.....
.###....#
.......#
#.....#
#.....#
##.....#
#@@.<..#
#..###.#
#..## .#
#..# ..
#.# ..
... .#
.## #


You could see Maggie (mesmerising).

Vanquished Creatures
  A phantom (D:4)
  A scorpion (D:5)
  A water moccasin zombie (D:5)
  A howler monkey (D:4)
  A bullfrog zombie (D:5)
  Crazy Yiuf (D:3)
  2 orc priests
  3 hounds
  Natasha (thrice) (D:3)
  A bullfrog skeleton (D:5)
  2 iguanas
  4 orc wizards
  6 adders
  A white imp (D:5)
  An ufetubus (D:6)
  3 adder skeletons
  2 worms
  4 dart slugs
  14 orcs
  6 endoplasms
  7 giant cockroaches
  3 hobgoblins
  7 jackals
  5 kobolds
  6 quokkas
  4 ball pythons
  4 bats
  2 frilled lizards
  6 goblins
  An orc zombie (D:6)
  7 rats
110 creatures vanquished.

Vanquished Creatures (others)
  7 plants (D:3)
7 creatures vanquished.

Grand Total: 117 creatures vanquished

Notes
Turn   | Place    | Note
-------+----------+-------------------------------------------
     0 | D:1      | epicjoe the Minotaur Fighter began the quest for the Orb.
     0 | D:1      | Reached XP level 1. HP: 19/19 MP: 0/0
   270 | D:1      | Reached XP level 2. HP: 18/27 MP: 1/1
  1332 | D:3      | Reached XP level 3. HP: 33/33 MP: 2/2
  1381 | D:3      | Found a runed translucent door.
  1382 | D:3      | Noticed Crazy Yiuf
  1570 | D:3      | Killed Crazy Yiuf
  1606 | D:3      | Reached XP level 4. HP: 29/40 MP: 3/3
  1621 | D:3      | Noticed Natasha
  1632 | D:3      | Killed Natasha
  1633 | D:3      | Reached skill level 1 in Dodging
  1903 | D:2      | Got the Collected Works on the Compass
  2495 | D:2      | Reached XP level 5. HP: 32/46 MP: 4/4
  3211 | D:3      | Noticed Natasha
  3216 | D:3      | Killed Natasha
  3381 | D:5      | Entered Level 5 of the Dungeon
  3482 | D:4      | Reached skill level 5 in Armour
  3482 | D:4      | Reached skill level 5 in Shields
  3482 | D:4      | Reached XP level 6. HP: 46/53 MP: 5/5
  3491 | D:3      | Noticed Natasha
  3504 | D:3      | Killed Natasha
  3529 | D:3      | Found a faded altar of an unknown god.
  3540 | D:3      | Became a worshipper of Ashenzari the Shackled
  3833 | D:4      | Reached skill level 5 in Fighting
  4042 | D:4      | Reached skill level 5 in Axes
  4042 | D:4      | Reached XP level 7. HP: 50/61 MP: 6/6
  4520 | D:7      | Noticed Maggie
  4534 | D:7      | Killed from afar by Maggie

Illustrated notes

Levels and vault maps discovered:
D:1:      heliophobic_arrival_glass_houses, layout_loops_ring,
          hangedman_abyss_or_decor_lesser_grid
D:2:      layout_basic, st_stairs_11
D:3:      layout_rooms, shapermc_ecumenical_altar_mp_ritualfount, serial_glass,
          glass_columns_b, glass_columns_a, uniq_crazy_yiuf_cottage,
          uniq_natasha
D:4:      layout_rooms, lemuel_round_altar
D:5:      layout_rooms, minmay_temple_entry_trees
D:6:      layout_rooms, nicolae_overflow_crystal_walls, general_overflow_altar,
          minmay_mini_ossuary
D:7:      layout_layer_cave, slow_altar_2, grunt_ogre_cave, uniq_menkaure,
          uniq_maggie

Skill      XL: |  1  2  3  4  5  6  7 |
---------------+----------------------+-----
Armour         | 4 5 |  5.7
Fighting       | 4 5 |  5.8
Shields        | 4 5 6 |  6.4
Axes           | 3 4 5 6 |  6.0
Dodging        | 1 2 |  2.5
Stealth        | |  0.3

Action                   |  1- 3 |  4- 6 |  7- 9 || total
-------------------------+-------+-------+-------++-------
Melee: War axe           |    85 |   158 |    67 ||   310
       Headbutt          |     8 |    23 |    17 ||    48
Invok: Curse Item        |       |       |     1 ||     1
Armor: Scale mail        |    57 |    32 |       ||    89
       Chain mail        |       |    54 |    37 ||    91
Dodge: Dodged            |    34 |    49 |    14 ||    97
Block: Kite shield       |    67 |    31 |       ||    98
       Tower shield      |       |    96 |    80 ||   176

Table legend: (Time is in decaauts)
 A = Elapsed time spent in this place.
 B = Non-inter-level travel time spent in this place.
 C = Inter-level travel time spent in this place.
 D = Time resting spent in this place.
 E = Time spent auto-exploring this place.
 F = Levels seen in this place.
 G = Mean time per level.
                   A        B        C        D        E       F      G
               +--------+--------+--------+--------+--------+-----+--------+
         Total |   4752 |   4156 |    596 |    671 |    260 |   7 |  678.9 |
       Dungeon |   4752 |   4156 |    596 |    671 |    260 |   7 |  678.9 |
               +--------+--------+--------+--------+--------+-----+--------+

Top non-repeatable levels by time:
     D:2: 1444 daAuts
     D:1: 1287 daAuts
     D:3: 1060 daAuts
     D:4: 561 daAuts
     D:5: 277 daAuts
     D:6: 101 daAuts
     D:7: 20 daAuts
